 Dungeon Crawl Stone Soup version 0.21-a0-278-ga722497 (webtiles) character file.

27253 MirrMurr the Covert (level 13, -5/84 HPs)
             Began as a Kobold Berserker on Sept 22, 2017.
             Was an Elder of Trog.
             Slain by a nine-headed hydra (8 damage)
             ... on level 4 of the Lair of Beasts.
             The game lasted 00:55:06 (19615 turns).

MirrMurr the Covert (Kobold Berserker)             Turns: 19615, Time: 00:55:07

Health: -5/84      AC: 15    Str: 19    XL:     13   Next: 64%
Magic:  13/13      EV: 10    Int:  8    God:    Trog [****..]
Gold:   759        SH:  6    Dex: 15    Spells: 12/12 levels left

rFire    . . .     SeeInvis .   a - +2 scimitar (holy)
rCold    . . .     Gourm    .   A - +0 buckler
rNeg     . . .     Faith    .   K - +0 plate armour
rPois    +         Spirit   .   (no helmet)
rElec    .         Reflect  .   u - +1 cloak
rCorr    .         Harm     .   v - +0 pair of gloves
MR       .....                  (no boots)
Stlth    +.........             (no amulet)
HPRegen  0.24/turn              M - ring of poison resistance
MPRegen  0.13/turn              O - +5 ring of slaying

@: no status effects
A: carnivore 3
a: Berserk, Trog's Hand, Brothers in Arms, Burn Spellbooks, Renounce Religion


You were on level 4 of the Lair of Beasts.
You worshipped Trog.
Trog was greatly pleased with you.
You were completely stuffed.

You visited 3 branches of the dungeon, and saw 16 of its levels.

You collected 787 gold pieces.
You spent 28 gold pieces at shops.

Inventory:

Hand Weapons
 a - a +2 scimitar of holy wrath (weapon)
 b - a +0 hunting sling
 q - a +3 dagger
 w - a +6 blowgun
Missiles
 d - 7 throwing nets {!f}
 f - 394 stones
 p - 61 poisoned needles
 t - 66 sling bullets
 F - 51 bolts
 H - 9 tomahawks (quivered)
 U - 7 curare-tipped needles
Armour
 u - a +1 cloak (worn)
 v - a +0 pair of gloves (worn)
 A - a +0 buckler (worn)
 K - a +0 plate armour (worn)
Jewellery
 n - an uncursed ring of wizardry {unknown}
 x - a +4 ring of dexterity
 M - a ring of poison resistance (left hand)
 N - an uncursed ring of resist corrosion
 O - a +5 ring of slaying (right hand)
Wands
 s - a wand of iceblast (0/15)
 G - a wand of flame (25/48)
 J - a wand of polymorph (4/24)
 L - a wand of acid (0/15)
 V - a wand of scattershot (0/9)
 X - a wand of paralysis (6/24)
 Y - a wand of digging (12/24)
Scrolls
 e - 3 scrolls of blinking
 g - 4 scrolls of enchant armour
 h - 3 scrolls of fog
 k - 3 scrolls of enchant weapon
 r - 11 scrolls of remove curse
 y - 3 scrolls of holy word
 P - 3 scrolls of immolation
 R - 4 scrolls of fear
 Z - 3 scrolls of recharging
Potions
 i - 5 potions of flight
 j - a potion of magic {unknown}
 l - 2 potions of ambrosia
 m - 2 potions of brilliance {unknown}
 o - 6 potions of curing
 B - a potion of agility {unknown}
 C - a potion of berserk rage {unknown}
 E - 2 potions of heal wounds
 Q - a potion of invisibility {unknown}
 T - 2 potions of haste
 W - a potion of resistance {unknown}
Comestibles
 c - 7 meat rations
 z - 6 royal jellies
 D - 9 chunks of flesh


   Skills:
 + Level 11.3 Fighting
 - Level 11.0(14.1) Short Blades
 * Level 10.0(10.9) Long Blades
 + Level 4.7 Armour
 - Level 5.0 Dodging
 + Level 13.4 Stealth
 - Level 6.3 Shields


You had 12 spell levels left.
You didn't know any spells.

Dungeon Overview and Level Annotations

Branches:
Dungeon (11/15)            Temple (1/1) D:6            Lair (4/6) D:11
  Swamp (0/4) Lair:3        Snake (0/4) Lair:3          Orc (0/2) D:10

Altars:
Ashenzari
Cheibriados
Dithmenos
Elyvilon
Fedhas
Hepliaklqana
Kikubaaqudgha
Makhleb
Nemelex Xobeh
Okawaru
Qazlal
Ru
Trog
Uskayaw
Vehumet
Wu Jian
Xom
Yredelemnul
Zin
The Shining One

Shops:
D:9 *


Innate Abilities, Weirdness & Mutations

You are small and have problems with some larger weapons.
You are carnivorous and can eat meat at any time.


Message History

The seven-headed hydra grows two more!
You slash the nine-headed hydra!
The nine-headed hydra is almost dead.
The nine-headed hydra barely misses you.
The nine-headed hydra closely misses you.
The nine-headed hydra bites you but does no damage.
The nine-headed hydra completely misses you.
You block the nine-headed hydra's attack.
The nine-headed hydra bites you!
* * * LOW HITPOINT WARNING * * *
You block the nine-headed hydra's attack.
The nine-headed hydra barely misses you.
The nine-headed hydra bites you but does no damage.
Your plate armour prevents you from hitting the nine-headed hydra.
The nine-headed hydra is almost dead.
The nine-headed hydra bites you!
* * * LOW HITPOINT WARNING * * *
The nine-headed hydra bites you!
* * * LOW HITPOINT WARNING * * *
The nine-headed hydra bites you!
You die...

######..#.................P...#..
#.....#.......#.#P...P.#..#<
#....†.#......P.##....#...#.
##....#.†..........##.##.....
#P....###.<...........÷#.....
#....## #....................
##....# #.......#.((.........
#.#P#.# #........#......#....
####### #.P.@..........#.....
#....D#.#.....P####..
##.<.#(........###P..
##...........###....
#P...P.(..#..###....
##......(....##P....
##...................
#.....##......#.#....
##......#...#(..#####.


You could see a nine-headed hydra.

Vanquished Creatures
  The ghost of JackS81 the Peltast, a journeyman MiFi of Okawaru (Lair:4)
  Josephine (D:10)
  4 hydras
  Harold (D:11)
  2 two-headed ogres
  Sonja (D:11)
  The ghost of Cecky the Carver, a novice DsGl of Dithmenos (D:7)
  An unseen horror (D:10)
  An ugly thing (D:11)
  An oklob plant (D:11)
  2 elephants (Lair:4)
  2 black mambas
  4 spiny frogs
  A rime drake (Lair:4)
  4 komodo dragons
  A polar bear (Lair:4)
  3 hippogriffs
  Sigmund (D:6)
  5 wraiths
  2 basilisks (Lair:4)
  20 yaks
  2 steam dragons (D:11)
  3 hungry ghosts
  2 nagas (Lair:3)
  Menkaure (D:7)
  Duvessa (D:7)
  A soldier ant (D:11)
  4 water moccasins
  6 porcupines
  A hornet zombie (D:8)
  A sky beast (D:3)
  2 black bears
  4 ice beasts
  4 phantoms
  A necrophage (D:8)
  9 orc warriors
  3 ogres
  12 wolves
  4 centaurs
  6 crocodiles
  2 big kobolds (D:7)
  9 bullfrogs
  A wyvern zombie (D:11)
  A wyvern skeleton (D:10)
  Dowan (D:7)
  2 scorpions
  10 killer bees
  6 wights
  3 electric eels
  3 crimson imps
  7 howler monkeys
  11 orc priests
  4 hounds
  Crazy Yiuf (D:2)
  4 jellies
  9 orc wizards
  A centaur skeleton (D:7)
  An iron imp (D:5)
  An iguana (D:10)
  6 worker ants
  A hound zombie (D:3)
  A howler monkey zombie (D:7)
  3 gnolls (D:6)
  4 adders
  7 shadow imps
  An adder zombie (D:7)
  An ooze (D:2)
  An adder skeleton (D:6)
  A worm (D:4)
  2 dart slugs
  2 leopard geckos
  41 orcs
  2 ball pythons (D:2)
  5 giant cockroaches
  7 goblins
  8 hobgoblins
  7 jackals
  2 quokkas
  6 bats
  4 frilled lizards
  A jackal skeleton (D:7)
  14 kobolds
  8 rats
  A plant (D:11)
339 creatures vanquished.

Vanquished Creatures (collateral kills)
  A hydra (Lair:2)
1 creature vanquished.

Vanquished Creatures (others)
  A wyvern skeleton (D:9)
  A wight (D:11)
  An adder skeleton (D:9)
  2 orcs (D:10)
  9 fungi
  4 plants
18 creatures vanquished.

Grand Total: 358 creatures vanquished

Notes
Turn   | Place    | Note
-------+----------+-------------------------------------------
     0 | D:1      | MirrMurr the Kobold Berserker began the quest for the Orb.
     0 | D:1      | Reached XP level 1. HP: 14/14 MP: 1/1
   123 | D:1      | Reached skill level 1 in Stealth
   281 | D:1      | Reached XP level 2. HP: 19/19 MP: 2/2
   781 | D:2      | Reached XP level 3. HP: 21/23 MP: 3/3
  1129 | D:2      | Reached ** piety under Trog
  1274 | D:2      | Found a runed door.
  1278 | D:2      | Noticed Crazy Yiuf
  1287 | D:2      | Killed Crazy Yiuf
  1287 | D:2      | Reached skill level 5 in Short Blades
  1287 | D:2      | Reached skill level 2 in Stealth
  1287 | D:2      | Reached XP level 4. HP: 29/29 MP: 4/4
  1646 | D:3      | Noticed a sky beast
  1678 | D:3      | Killed a sky beast
  1678 | D:3      | Reached skill level 3 in Stealth
  1678 | D:3      | Reached XP level 5. HP: 31/33 MP: 5/5
  1856 | D:3      | Reached XP level 6. HP: 38/38 MP: 6/6
  2093 | D:3      | Reached *** piety under Trog
  2095 | D:3      | Found an ornate altar of the Wu Jian Council.
  2292 | D:4      | Found an iron altar of Okawaru.
  2402 | D:4      | Noticed an ogre
  2407 | D:4      | Killed an ogre
  2911 | D:5      | Entered Level 5 of the Dungeon
  2915 | D:5      | Reached XP level 7. HP: 44/44 MP: 7/7
  3152 | D:5      | Reached skill level 4 in Stealth
  3424 | D:5      | Found a snail-covered altar of Cheibriados.
  3791 | D:5      | Reached skill level 5 in Fighting
  4369 | D:6      | Found a shadowy altar of Dithmenos.
  4369 | D:6      | Found an ancient bone altar of Kikubaaqudgha.
  4391 | D:6      | Found a glowing golden altar of the Shining One.
  4391 | D:6      | Found a shattered altar of Ashenzari.
  4398 | D:6      | Reached skill level 5 in Dodging
  4398 | D:6      | Reached XP level 8. HP: 49/49 MP: 8/8
  4453 | D:6      | Reached skill level 5 in Stealth
  4648 | D:6      | Got a bloodstained falchion
  4836 | D:6      | Identified the +4 falchion of Somewhere Else {slice, Int+6} (You found it on level 6 of the Dungeon)
  4879 | D:6      | Noticed Sigmund
  4920 | D:6      | Killed Sigmund
  4920 | D:6      | Reached skill level 1 in Shields
  4987 | D:6      | Found a staircase to the Ecumenical Temple.
  5004 | Temple   | Entered the Ecumenical Temple
  5218 | D:6      | Reached skill level 6 in Stealth
  5465 | D:7      | Noticed Duvessa
  5465 | D:7      | Noticed Dowan
  5470 | D:7      | Killed Dowan
  5478 | D:7      | Killed Duvessa
  5594 | D:7      | Noticed Cecky's ghost (novice DsGl)
  5653 | D:7      | Killed Cecky's ghost
  5653 | D:7      | Reached **** piety under Trog
  5653 | D:7      | Reached skill level 10 in Short Blades
  5653 | D:7      | Reached skill level 7 in Stealth
  5653 | D:7      | Reached XP level 9. HP: 56/56 MP: 9/9
  5947 | D:7      | Found a hide-covered altar of Uskayaw.
  5948 | D:7      | Found a burning altar of Makhleb.
  6269 | D:7      | Reached skill level 8 in Stealth
  6277 | D:7      | Reached skill level 1 in Long Blades
  6280 | D:7      | Reached XP level 10. HP: 58/63 MP: 10/10
  6282 | D:7      | Noticed Menkaure
  6296 | D:7      | Killed Menkaure
  7595 | D:9      | Reached ***** piety under Trog
  7628 | D:9      | Reached skill level 9 in Stealth
  8350 | D:9      | Found Weqegitz's General Store.
  8353 | D:9      | Bought a scroll of identify for 28 gold pieces
  8425 | D:9      | Found a glowing silver altar of Zin.
  8425 | D:9      | Found a shimmering altar of Xom.
  8425 | D:9      | Noticed an angel
  8498 | D:9      | Received a gift from Trog
  9189 | D:9      | Reached XP level 11. HP: 60/69 MP: 11/11
  9576 | D:10     | Entered Level 10 of the Dungeon
  9596 | D:10     | Reached skill level 5 in Long Blades
  9596 | D:10     | Reached skill level 10 in Stealth
  9758 | D:10     | Reached skill level 5 in Shields
 10007 | D:10     | Noticed a two-headed ogre
 10018 | D:10     | Killed a two-headed ogre
 10054 | D:10     | Noticed Josephine
 10105 | D:10     | Killed Josephine
 11375 | D:10     | Killed an unseen horror
 11705 | D:10     | Reached skill level 11 in Stealth
 11715 | D:10     | Found a staircase to the Orcish Mines.
 11974 | D:11     | Found a staircase to the Lair.
 11978 | D:11     | Noticed an oklob plant
 11995 | D:11     | Noticed a two-headed ogre
 11996 | D:11     | Noticed a green ugly thing
 12005 | D:11     | Killed a green ugly thing
 12009 | D:11     | Killed a two-headed ogre
 12009 | D:11     | Reached XP level 12. HP: 60/76 MP: 12/12
 12195 | D:11     | Noticed Harold
 12320 | D:11     | Killed Harold
 12573 | D:11     | Noticed Sonja
 12579 | D:11     | Killed Sonja
 12579 | D:11     | Reached skill level 10 in Fighting
 12680 | D:11     | Noticed a four-headed hydra
 12708 | D:11     | Killed a four-headed hydra
 13199 | D:11     | Reached skill level 12 in Stealth
 13517 | Lair:1   | Entered Level 1 of the Lair of Beasts
 13572 | Lair:1   | HP: 4/115 [komodo dragon (13)]
 13580 | Lair:1   | HP: 5/115 [yak (1)]
 15344 | Lair:2   | Noticed a five-headed hydra
 15366 | Lair:2   | Killed a five-headed hydra
 15366 | Lair:2   | Received a gift from Trog
 15507 | Lair:2   | Reached XP level 13. HP: 82/83 MP: 13/13
 16169 | Lair:3   | Noticed a six-headed hydra
 16188 | Lair:2   | Killed a six-headed hydra
 16953 | Lair:3   | Found a staircase to the Snake Pit.
 17424 | Lair:3   | Noticed a four-headed hydra
 17440 | Lair:3   | Killed a 12-headed hydra
 17716 | Lair:3   | Found a staircase to the Swamp.
 17855 | Lair:3   | Reached skill level 13 in Stealth
 18227 | Lair:4   | Noticed JackS81's ghost (journeyman MiFi)
 18257 | Lair:4   | Killed JackS81's ghost
 18475 | Lair:4   | Noticed a five-headed hydra
 19019 | Lair:4   | Noticed an eight-headed hydra
 19439 | Lair:4   | Killed a five-headed hydra
 19596 | Lair:4   | Reached skill level 10 in Long Blades
 19615 | Lair:4   | HP: 3/84 [nine-headed hydra (7)]
 19615 | Lair:4   | Slain by a nine-headed hydra

Vault maps used:
D:1:      dpeg_arrival_shelter, hex_large
D:2:      first_bread, uniq_crazy_yiuf_cottage
D:3:      old_standard_altar
D:4:      okawaru_metal_pillars_3
D:5:      slow_altar_2
D:6:      gammafunk_temple_overflow_pools, gammafunk_temple_overflow_wave,
          minmay_temple_entry_butterflies, grunt_ministairs_15, sigmund_army,
          uniq_sigmund
D:7:      nicolae_overflow_hidden_temple, uniq_menkaure, uniq_duvessa
D:9:      grunt_temple_overflow_order_and_chaos_1, serial_shops,
          kennysheep_mini_moat
D:10:     erik_orc_2, uniq_josephine
D:11:     dpeg_oklobed_lair, uniq_harold, uniq_sonja
Temple:   nicolae_temple_figure_zero
Lair:2:   grunt_megastairs_5
Lair:3:   swamp_mist, guppyfry_snake_entry_island

Skill      XL: |  1  2  3  4  5  6  7  8  9 10 11 12 13 |
---------------+----------------------------------------+-----
Stealth        | 1 2 3 4 7 8 9 11 12 13 | 13.4
Short Blades   | 5 6 7 10 11 | 11.0
Dodging        | 3 4 5 |  5.0
Fighting       | 4 5 6 7 8 9 10 11 | 11.3
Shields        | 2 3 4 6 |  6.3
Long Blades    | 1 4 7 8 10 | 10.0
Armour         | 3 4 |  4.7

Action                   |  1- 3 |  4- 6 |  7- 9 | 10-12 | 13-15 || total
-------------------------+-------+-------+-------+-------+-------++-------
Melee: Short sword       |    97 |   139 |   232 |       |       ||   468
       Falchion          |       |       |    15 |   423 |       ||   438
       Scimitar          |       |       |       |   128 |   158 ||   286
       Dagger            |       |       |       |     5 |       ||     5
 Fire: Hunting sling     |       |    10 |   111 |   221 |   111 ||   453
Throw: Tomahawk          |       |       |       |     1 |       ||     1
Invok: Berserk           |     1 |     2 |     7 |    11 |     7 ||    28
       Trog's Hand       |       |       |     2 |     5 |     7 ||    14
       Burn Spellbooks   |       |       |       |     3 |       ||     3
       Brothers in Arms  |       |       |       |       |     2 ||     2
Evoke: Wand              |       |       |     3 |     7 |     4 ||    14
  Use: Scroll            |     2 |     6 |     7 |     9 |     5 ||    29
       Potion            |       |       |       |     5 |       ||     5
 Stab: Sleeping          |     3 |     2 |     1 |     2 |       ||     8
  Eat: Chunk             |    10 |     8 |    10 |    59 |    25 ||   112
Armor: Animal skin       |     6 |       |       |       |       ||     6
       Leather armour    |     2 |    31 |       |       |       ||    33
       Ring mail         |       |     1 |       |       |       ||     1
       Scale mail        |       |       |    46 |   138 |     2 ||   186
       Plate armour      |       |       |       |       |    90 ||    90
Dodge: Dodged            |    67 |   115 |    87 |   305 |    93 ||   667
Block: Buckler           |     1 |    27 |    31 |   200 |    49 ||   308
       Rpst.: Falchion   |       |       |     3 |    62 |       ||    65
       Scimitar          |       |       |       |    20 |    14 ||    34

Table legend:
 A = Spawn XP
 B = Non-spawn XP
 C = Spawn XP percentage of total XP
 D = Spawn monster count
 E = Non-spawn monster count
 F = Spawn count percentage of total count
 G = Total turns spent on level
                    A         B        C        D         E        F      G
               +---------+---------+-------+---------+---------+-------+---------
         Total |       0 |   38933 |   0.0 |       0 |     340 |   0.0 | 19615
               +---------+---------+-------+---------+---------+-------+---------
           D:1 |       0 |      19 |   0.0 |       0 |      13 |   0.0 |   658
           D:2 |       0 |      69 |   0.0 |       0 |      16 |   0.0 |   986
           D:3 |       0 |     247 |   0.0 |       0 |      25 |   0.0 |   603
           D:4 |       0 |     176 |   0.0 |       0 |       7 |   0.0 |   664
           D:5 |       0 |     258 |   0.0 |       0 |      14 |   0.0 |  1033
           D:6 |       0 |     973 |   0.0 |       0 |      24 |   0.0 |  1290
           D:7 |       0 |    2360 |   0.0 |       0 |      31 |   0.0 |  1241
           D:8 |       0 |    1446 |   0.0 |       0 |      18 |   0.0 |  2052
           D:9 |       0 |    2914 |   0.0 |       0 |      38 |   0.0 |  1616
          D:10 |       0 |    5704 |   0.0 |       0 |      52 |   0.0 |  1656
          D:11 |       0 |    7620 |   0.0 |       0 |      36 |   0.0 |  1598
        Lair:1 |       0 |    2305 |   0.0 |       0 |      15 |   0.0 |  1241
        Lair:2 |       0 |    3546 |   0.0 |       0 |      15 |   0.0 |  1642
        Lair:3 |       0 |    5139 |   0.0 |       0 |      19 |   0.0 |  2180
        Lair:4 |       0 |    6157 |   0.0 |       0 |      17 |   0.0 |  1035
               +---------+---------+-------+---------+---------+-------+---------
